 Dungeon Crawl Stone Soup version 0.25-a0-804-g50c693f418 (webtiles) character file.

Game seed: 1803530957581052475, levelgen mode: deterministic

7 sanka the Scratcher (level 1, -3/10 HPs)
             Began as a Felid Wanderer on Apr 19, 2020.
             Slain by a hobgoblin (5 damage)
             ... on level 1 of the Dungeon.
             The game lasted 00:00:13 (44 turns).

sanka the Scratcher (Felid Wanderer)                  Turns: 44, Time: 00:00:13

Health: -3/10      AC:  1    Str:  8    XL:     1   Next: 83%
Magic:  2/2        EV: 16    Int: 12    God:
Gold:   0          SH:  0    Dex: 16    Spells: 0/0 levels left
                                        Lives:  0   Deaths: 0

rFire    . . .     SeeInvis +     - Unarmed
rCold    . . .     Gourm    .   (shield unavailable)
rNeg     . . .     Faith    .   (armour unavailable)
rPois    .         Spirit   .   (helmet unavailable)
rElec    .         Reflect  .   (cloak unavailable)
rCorr    .         Harm     .   (gloves unavailable)
MR       .....                  (boots unavailable)
Stlth    +++.......             (no amulet)
HPRegen  0.03/turn              (no ring)
MPRegen  0.08/turn              (no ring)

@: quick
A: very small, no armour, no weapons or thrown items, stealth, claws 1, fangs 3,
see invisible, carnivore, speed 1, shaggy fur 1, slow metabolism 1, sharp paws
a: no special abilities


You were on level 1 of the Dungeon.
You were not hungry.

You visited 1 branch of the dungeon, and saw 1 of its levels.


Innate Abilities, Weirdness & Mutations

You cannot wear armour.
You are incapable of wielding weapons or throwing items.
Your paws allow you to move quietly. (Stealth)
You have sharp claws.
You have razor-sharp teeth.
You have supernaturally acute eyesight. (SInv)
You are carnivorous and can eat meat at any time.
You cover ground quickly.
You are covered in fur. (AC +1)
You have a slow metabolism.
Your sharp claws are effective at attacking unaware monsters.


   Skills:
 - Level 3.0 Fighting
 - Level 1.3 Dodging
 - Level 2.6 Stealth
 + Level 3.5 Unarmed Combat
   Level 1.1 Evocations


You couldn't memorise any spells.
You didn't know any spells.
Your spell library was empty.

Inventory:

Scrolls
 a - a scroll of blinking
 b - a scroll of teleportation {@r4}
Potions
 c - a potion of curing {@q1}
Comestibles
 d - a ration

Dungeon Overview and Level Annotations

Branches:
Dungeon (1/15)

Altars:

......... .▒▒ .. ▒........
.... ... ▒........ .... ...
▒..%.... ..... ....
▒......▒▒▒... .... ▒....▒...
....
....▒▒▒▒▒....▒.▒▒▒▒▒▒...▒ ..
........▒.....lgh........ ...
........▒......▒.......▒ ....
..£...........▒▒▒.....▒▒▒....
...▒...........▒.......▒.....
...........▒▒................
...........▒▒......▒<.....▒
..................▒▒▒.....▒
.......▒▒▒▒▒......>▒......▒
.......▒ ▒..............▒


You could see a hobgoblin and a frilled lizard.


Message History

The bat misses you.
You scratch the bat.
You kill the bat!
You scratch the leopard gecko but do no damage.
The leopard gecko is heavily wounded.
You completely miss the leopard gecko. Your bite misses the leopard gecko.
The leopard gecko is heavily wounded.
The leopard gecko bites you.
* * * LOW HITPOINT WARNING * * *
The giant cockroach bites you but does no damage.
You scratch the leopard gecko.
You kill the leopard gecko!
The giant cockroach barely misses you.
You closely miss the giant cockroach. You bite the giant cockroach.
You kill the giant cockroach!
You scratch the rat.
You kill the rat!
You barely miss the hobgoblin. The hobgoblin hits you.
* * * LOW HITPOINT WARNING * * *
You scratch the hobgoblin.
The hobgoblin is almost dead.
The hobgoblin closely misses you.
You barely miss the hobgoblin.
The hobgoblin is almost dead.
The hobgoblin hits you.
Ouch! That really hurt!
You die...

Action                   || total
-------------------------++-------
Melee: Unarmed           ||    14
       Bite              ||     1
Armor: Skin              ||     3
Dodge: Dodged            ||    16

Levels and vault maps discovered:
D:1:      minmay_arrival_five_plusses, layout_basic, corexii_corridor_pit,
          st_stairs_1, minmay_misc_feat_tiny

Notes
Turn   | Place    | Note
-------+----------+-------------------------------------------
     0 | D:1      | sanka the Felid Wanderer began the quest for the Orb.
     0 | D:1      | sanka set off with the following items: a scroll of
                  | blinking, a scroll of teleportation {@r4}, a potion of
                  | curing {@q1}, a ration
     0 | D:1      | Reached XP level 1. HP: 10/10 MP: 2/2
    44 | D:1      | Slain by a hobgoblin

Vanquished Creatures
  A leopard gecko (D:1)
  A bat (D:1)
  A giant cockroach (D:1)
  A kobold (D:1)
  A rat (D:1)
5 creatures vanquished.
